 Dungeon Crawl Stone Soup version 0.18-a0-1788-g92de1ac (webtiles) character file.

242 nono the Cutter (level 6, -3/41 HPs)
             Began as a Halfling Abyssal Knight on Apr 20, 2016.
             Was a Believer of Lugonu.
             Slain by a big kobold
             ... wielding a +0 club
              (6 damage)
             ... on level 3 of the Dungeon.
             The game lasted 00:07:20 (2907 turns).

nono the Cutter (Halfling Abyssal Knight)           Turns: 2907, Time: 00:07:21

Health: -3/41      AC:  5    Str: 12    XL:     6   Next: 30%
Magic:  8/8        EV: 14    Int: 11    God:    Lugonu [**....]
Gold:   128        SH:  0    Dex: 16    Spells: 0 memorised, 5 levels left

rFire  . . .     SeeInvis .     j - +0 dagger (venom)
rCold  . . .     Gourm    .     l - +0 ring mail (curse)
rNeg   . . .     Faith    .     (shield restricted)
rPois  .         Spirit   .     (no helmet)
rElec  .         Dismiss  .     (no cloak)
rCorr  .         Reflect  .     (no gloves)
SustAt .         Harm     .     (no boots)
MR     .....                    (no amulet)
Stlth  +.........               (no ring)
                                (no ring)

@: very slightly contaminated, hasted, very quick, not resistant to hostile
enchantments, very unstealthy
A: mutation resistance 1
a: Depart the Abyss, Bend Space, Renounce Religion


You were on level 3 of the Dungeon.
You worshipped Lugonu.
Lugonu was pleased with you.
You were hungry.

You visited 1 branch of the dungeon, and saw 3 of its levels.
You visited the Abyss 1 time.

You collected 128 gold pieces.

Inventory:

Hand Weapons
 a - a +1 short sword
 j - a +0 dagger of venom (weapon)
Missiles
 m - 5 needles of frenzy
Armour
 b - a +0 leather armour
 l - a cursed +0 ring mail (worn)
 t - a +0 chain mail
Scrolls
 e - 3 scrolls of teleportation {unknown}
 h - a scroll of enchant weapon {unknown}
 k - a scroll of remove curse {unknown}
 p - 3 scrolls of magic mapping {unknown}
 q - 3 scrolls of recharging {unknown}
 s - a scroll of identify {unknown}
Potions
 d - a potion of flight
 f - a potion of agility {unknown}
 g - a potion of experience {unknown}
 i - a potion of lignification {unknown}
 o - a potion of brilliance {unknown}
 r - a potion of mutation {unknown}
 v - a potion of ambrosia {unknown}
 x - 2 potions of cure mutation {unknown}
Comestibles
 c - a bread ration
 u - a slice of pizza
 w - a chunk of flesh


   Skills:
 - Level 2.6 Fighting
 + Level 4.9 Short Blades
 + Level 4.0 Armour
 + Level 3.5 Dodging
 + Level 3.0 Invocations


You had 5 spell levels left.
You didn't know any spells.

Dungeon Overview and Level Annotations

Branches:
Dungeon (3/15)

Altars:
Okawaru
Pakellas


Innate Abilities, Weirdness & Mutations

You are small and have problems with some larger weapons.
You are somewhat resistant to further mutation.


Message History

The shadow imp spits at you.
Natasha wildly gestures.
Natasha shimmers violently.
Natasha howls an incantation.
Natasha's fingertips start to glow.
Natasha claws you.
* * * LOW HITPOINT WARNING * * *
Drink which item? (? for menu, Esc to quit)
You feel yourself speed up.
You kill Natasha!
Lugonu accepts your kill.
Natasha screams in pain as she dies!
Your Armour skill increases to level 4!
Your Invocations skill increases to level 3!
The iron imp disappears in a puff of smoke!
The big kobold closely misses you.
You are very lightly contaminated with residual magic.
You hit the big kobold but do no damage.
The big kobold is poisoned.
The big kobold hits you with a club.
You die...

#.#.. ####### #....######
#.....###.....# ###### #
$....5K.......#############
.......##†.................
......# #.....#############
.#.... #.....# # .....
###†### # .##...#####K# #
#.......@.# # #....###..# #
# . ...# # # #..## # # #.##
### # .# .# #. #.. ##. ###
.# #. #.# #.. #.. .. #.
#########.# #.# #.# .
#..........


You could see a big kobold.

Vanquished Creatures
  Natasha (twice) (D:3)
  Jessica (D:3)
  Terence (D:3)
  3 adders
  4 gnolls (D:3)
  2 worms (D:2)
  3 dart slugs
  2 giant geckos
  2 ball pythons
  4 giant cockroaches
  10 goblins
  2 hobgoblins (D:1)
  4 jackals (D:2)
  8 bats
  4 giant newts
  5 kobolds
  10 rats
67 creatures vanquished.

Notes
Turn   | Place    | Note
--------------------------------------------------------------
     0 | Abyss:1  | nono the Halfling Abyssal Knight began the quest for the Orb.
     0 | Abyss:1  | Reached XP level 1. HP: 15/15 MP: 2/2
    26 | D:1      | Escaped the Abyss
   166 | D:1      | Reached XP level 2. HP: 20/20 MP: 3/3
   318 | D:1      | Reached * piety under Lugonu
   482 | D:1      | Reached XP level 3. HP: 25/25 MP: 4/4
  1231 | D:2      | Reached XP level 4. HP: 27/30 MP: 5/5
  1342 | D:2      | Reached ** piety under Lugonu
  1553 | D:2      | Found an iron altar of Okawaru.
  1588 | D:2      | Found an oddly glowing altar of Pakellas.
  1947 | D:3      | Noticed Terence
  2285 | D:3      | Noticed Jessica
  2295 | D:3      | Killed Jessica
  2295 | D:3      | Reached XP level 5. HP: 26/35 MP: 6/6
  2675 | D:3      | Killed Terence
  2758 | D:3      | Noticed Natasha
  2773 | D:3      | Killed Natasha
  2773 | D:3      | Reached XP level 6. HP: 26/41 MP: 8/8
  2889 | D:3      | Noticed Natasha
  2906 | D:3      | Killed Natasha
  2907 | D:3      | Slain by a big kobold

Vault maps used:
D:1:      dpeg_arrival_tiny_a
D:2:      kennysheep_okawaru_gauntlet, grunt_pakellas_mercury
D:3:      uniq_jessica, uniq_terence, uniq_natasha

Skill      XL: |  1  2  3  4  5  6 |
---------------+-------------------+-----
Short Blades   | 3 4 |  4.9
Armour         | 3 4 |  4.0
Dodging        | 2 3 |  3.5
Invocations    | 3 |  3.0
Fighting       | |  2.6

Action                   |  1- 3 |  4- 6 || total
-------------------------+-------+-------++-------
Melee: Short sword       |    37 |       ||    37
       Dagger            |    70 |   173 ||   243
Invok: Depart the Abyss  |     1 |       ||     1
  Use: Potion            |       |     3 ||     3
 Stab: Sleeping          |     1 |       ||     1
  Eat: Chunk             |     1 |     1 ||     2
       Bread ration      |       |     1 ||     1
Armor: Leather armour    |    19 |       ||    19
       Ring mail         |    13 |    40 ||    53
Dodge: Dodged            |    83 |    95 ||   178
